Map: [ESL] Oceanborn

Players

Reynor - Winner!

  • Race: Zerg Zerg
  • Spawn Location: 5:00

Cure

  • Race: Terran Terran
  • Spawn Location: 11:00

Event: ESL Spring 2024 Finals

VOD

Have the link to the VOD?

Description

Time

  • Played on: May 31, 2024, 7:11 p.m.
  • Length: 11:47

All games in this series

Show
View Real Time Build Order
Export as new Build Order

Reynor Zerg - Winner!

Build Orders: Hatch First 

Get SALT Encoding   

  12  0:00  Drone  
  13  0:12  Overlord  
  13  0:16  Drone  
  14  0:30  Drone x2  
  16  0:48  Hatchery  
  15  0:51  Drone  
  15  0:54  Drone  
  17  0:58  Drone  
  18  1:08  Extractor  
  17  1:13  Spawning Pool  
  17  1:16  Drone  
  17  1:19  Drone  
  18  1:27  Drone  
  19  1:38  Drone  
  20  1:49  Drone  
  21  1:59  Queen x2  
  21  2:00  Zergling x4  
  27  2:14  Hatchery  
  26  2:18  Overlord  
  26  2:22  Drone  
  27  2:24  Drone  
  28  2:30  Metabolic Boost  
  28  2:38  Zergling x6  
  31  2:44  Queen  
  31  2:49  Overlord  
  33  2:52  Zergling x2  
  33  2:57  Drone  
  34  2:59  Drone  
  35  3:07  Queen  
  35  3:08  Overlord  
  36  3:13  Drone x2  
  36  3:16  Zergling x2  
  39  3:20  Drone x2  
  39  3:23  Drone  
  42  3:27  Zergling x4  
  42  3:34  Drone  
  45  3:36  Overlord  
  45  3:37  Drone  
  46  3:41  Queen  
  46  3:44  Drone  
  46  3:47  Drone  
  50  3:49  Drone  
  50  3:52  Drone x3  
  54  3:58  Queen  
  54  4:00  Drone  
  54  4:01  Drone  
  58  4:04  Drone  
  58  4:06  Drone x2  
  58  4:09  Zergling x4  
  63  4:13  Overlord  
  63  4:17  Zergling x4  
  65  4:19  Overlord  
  65  4:28  Overlord  
  65  4:32  Drone x2  
  65  4:33  Drone x6  
  65  4:36  Queen  
  75  4:39  Overlord  
  75  4:43  Drone  
  75  4:44  Drone  
  77  4:49  Drone x3  
  77  4:52  Drone  
  81  4:54  Spore Crawler  
  81  4:56  Roach Warren  
  81  4:57  Overlord  
  81  4:58  Extractor  
  78  5:01  Drone  
  78  5:02  Drone x2  
  79  5:08  Zergling x8  
  79  5:11  Zergling x4  
  79  5:13  Overlord  
  80  5:15  Drone  
  80  5:18  Drone  
  80  5:21  Lair  
  80  5:24  Drone x2  
  80  5:25  Queen  
  84  5:31  Drone x3  
  84  5:33  Drone  
  84  5:34  Drone  
  89  5:37  Drone  
  89  5:39  Drone, Hatchery  
  90  5:42  Evolution Chamber  
  90  5:43  Evolution Chamber  
  90  5:45  Overlord  
  90  5:48  Drone  
  89  5:50  Drone  
  89  5:52  Extractor  
  89  5:53  Overlord  
  89  5:55  Overlord  
  89  5:56  Drone  
  90  5:57  Overlord  
  90  5:58  Overlord  
  90  6:02  Extractor  
  90  6:03  Extractor  
  88  6:05  Drone x7  
  88  6:08  Zerg Melee Weapons Level 1, Zerg Ground Armor Level 1, Extractor  
  88  6:09  Drone  
  95  6:14  Drone  
  94  6:19  Drone x2  
  94  6:20  Drone  
  94  6:23  Drone x2  
  94  6:24  Drone  
  99  6:27  Hatchery  
  99  6:30  Roach  
  104  6:32  Roach  
  104  6:33  Roach x4  
  104  6:35  Roach x2  
  104  6:38  Drone  
  115  6:40  Spore Crawler  
  115  6:41  Overlord  
  115  6:45  Drone  
  115  6:47  Drone  
  116  6:49  Infestation Pit  
  116  6:50  Glial Reconstitution  
  116  6:53  Roach x3  
  121  6:57  Drone  
  121  7:00  Drone x4  
  121  7:01  Drone  
  127  7:06  Overlord  
  127  7:07  Drone x3  
  130  7:09  Drone  
  130  7:12  Overlord  
  129  7:17  Drone x3  
  129  7:18  Overlord  
  129  7:19  Drone, Spore Crawler  
  129  7:22  Drone  
  132  7:24  Drone  
  132  7:25  Hive  
  132  7:29  Baneling Nest  
  133  7:30  Drone x3  
  133  7:31  Spore Crawler, Overlord  
  133  7:32  Spore Crawler  
  133  7:33  Roach x2  
  133  7:34  Roach  
  140  7:38  Zergling x10  
  140  7:43  Drone  
  140  7:44  Drone  
  146  7:45  Spore Crawler  
  146  7:47  Zergling x4, Extractor  
  146  7:48  Extractor  
  146  7:49  Zergling x2  
  146  7:52  Overlord  
  146  7:53  Zergling x4  
  148  7:59  Drone x3  
  148  8:00  Overlord  
  148  8:02  Zergling x8  
  148  8:03  Drone  
  148  8:04  Zerg Melee Weapons Level 2, Zerg Ground Armor Level 2  
  155  8:06  Zergling x2  
  155  8:10  Queen  
  158  8:13  Centrifugal Hooks  
  158  8:14  Zergling x20  
  158  8:17  Drone  
  158  8:18  Queen  
  167  8:24  Drone  
  167  8:25  Drone x2, Overlord  
  167  8:26  Drone  
  171  8:28  Zergling x6  
  171  8:33  Ravager x3  
  177  8:34  Overlord  
  177  8:36  Zergling x6  
  177  8:38  Zergling x2  
  177  8:39  Adrenal Glands  
  177  8:40  Viper  
  184  8:42  Viper  
  184  8:44  Drone  
  184  8:46  Ultralisk Cavern, Zergling x6  
  190  8:51  Zergling x2  
  190  8:52  Zergling x2  
  190  8:54  Overlord  
  190  8:55  Zergling x6  
  195  8:57  Zergling x8  
  195  9:00  Baneling x13  
  199  9:03  Baneling  
  199  9:04  Baneling x3  
  199  9:09  Zergling x2  
  200  9:21  Baneling x4  
  200  9:22  Baneling x4  
  200  9:24  Baneling x6  
  189  9:33  Zergling x2  
  189  9:34  Zergling x30  
  189  9:37  Chitinous Plating  
  196  9:46  Spore Crawler, Zergling x10  
  200  10:01  Baneling x22  
  167  10:21  Zergling x66  
  167  10:25  Zergling x2, Ultralisk x2  
  181  10:30  Ultralisk  
  181  10:34  Queen, Zergling x8  
  189  10:36  Zergling x4  
  189  10:38  Zergling x6  
  189  10:39  Zergling x4  
  189  10:40  Zergling x4  
  189  10:42  Zergling x2  
  198  10:48  Zergling x12, Ultralisk  
  198  10:49  Zergling x2  
  192  10:55  Zergling x4, Ultralisk  
  199  11:03  Zergling x10  
  196  11:05  Zergling x6  
  196  11:07  Zergling x4  
  196  11:08  Zergling x10  
  196  11:10  Zergling x4  
  194  11:15  Zergling x2  
  194  11:16  Zergling x2  
  194  11:17  Zergling x6  
  193  11:19  Zergling x10  
  193  11:21  Hatchery, Zergling x2  
  189  11:26  Spire  
  189  11:27  Zergling x2  
  189  11:29  Zergling x4  
  189  11:30  Ravager x2  
Show
View Real Time Build Order
Export as new Build Order

Cure Terran 

Build Orders:  

Get SALT Encoding   

  12  0:00  SCV  
  13  0:12  SCV  
  14  0:17  Supply Depot  
  14  0:24  SCV  
  15  0:38  SCV  
  15  0:40  Barracks  
  15  0:42  Refinery  
  16  0:51  SCV  
  17  0:57  Barracks  
  17  1:03  SCV  
  18  1:15  SCV  
  19  1:28  Orbital Command, Reaper  
  20  1:33  Supply Depot  
  20  1:44  Reaper  
  21  1:53  SCV  
  22  2:01  Reaper  
  22  2:05  SCV  
  24  2:09  Command Center  
  24  2:15  Refinery  
  24  2:18  SCV  
  24  2:19  Reaper  
  26  2:30  SCV  
  26  2:33  Marine  
  28  2:42  SCV  
  29  2:52  Factory  
  29  2:54  SCV  
  30  3:02  Barracks Reactor  
  30  3:06  SCV  
  31  3:15  Command Center  
  31  3:16  Barracks Tech Lab  
  31  3:21  Orbital Command, SCV  
  32  3:33  SCV  
  33  3:37  Starport  
  33  3:43  Hellion x2  
  33  3:45  SCV  
  33  3:47  SCV, Barracks Reactor  
  39  3:52  Supply Depot  
  40  3:57  SCV  
  40  4:00  SCV  
  42  4:05  Hellion x2  
  42  4:09  SCV  
  46  4:11  Stimpack  
  46  4:13  SCV, Viking  
  49  4:26  Hellion x2  
  49  4:27  SCV x2  
  49  4:29  Orbital Command  
  55  4:38  Marine x3  
  56  4:39  Supply Depot, SCV x2  
  56  4:43  Liberator  
  63  4:51  Supply Depot, SCV x2  
  65  4:54  Hellion  
  65  4:55  Hellion  
  69  5:01  Marine x2  
  69  5:02  Marine  
  64  5:17  SCV x3  
  64  5:19  Marine x3  
  62  5:21  Engineering Bay  
  62  5:22  Orbital Command, Engineering Bay  
  62  5:26  Refinery x2  
  62  5:33  SCV x2  
  64  5:41  Barracks, Factory Tech Lab  
  64  5:42  Marine x3  
  67  5:43  Barracks, Medivac  
  67  5:46  Medivac  
  67  5:49  SCV  
  70  5:52  SCV x2  
  72  5:57  Combat Shield  
  72  6:00  Marine x3  
  72  6:02  Terran Infantry Weapons Level 1  
  72  6:03  Terran Infantry Armor Level 1  
  75  6:04  SCV x2  
  75  6:10  SCV  
  78  6:13  Siege Tank  
  78  6:15  Supply Depot  
  78  6:17  SCV  
  78  6:18  SCV  
  83  6:22  SCV  
  83  6:24  Marine  
  83  6:25  Barracks  
  85  6:28  Barracks Reactor  
  85  6:29  Supply Depot  
  85  6:30  Supply Depot  
  85  6:31  Barracks Reactor  
  85  6:36  Marine x2  
  85  6:37  SCV x2  
  85  6:39  SCV  
  90  6:40  Supply Depot  
  90  6:45  Siege Tank, Medivac  
  93  6:50  Marine  
  93  6:51  SCV x3  
  97  6:54  Marine x2  
  97  6:56  Armory  
  99  7:02  Supply Depot  
  99  7:05  Marine x2  
  99  7:06  Medivac  
  99  7:07  SCV x3  
  106  7:08  Marine  
  106  7:09  Refinery x2  
  106  7:12  Marine x2  
  106  7:13  Factory  
  108  7:19  SCV x2  
  108  7:20  SCV  
  108  7:21  Marine x3  
  113  7:23  Marine x2  
  113  7:24  Medivac  
  113  7:26  Marine  
  113  7:28  Supply Depot  
  115  7:30  Marine x2  
  115  7:31  SCV x2  
  119  7:38  Medivac  
  119  7:39  Marine x2  
  119  7:41  Marine  
  125  7:45  Supply Depot  
  125  7:50  SCV x3, Siege Tank  
  131  7:51  Supply Depot  
  131  7:52  Supply Depot  
  131  7:54  Marine x2  
  131  7:55  Marine, Barracks Reactor  
  131  7:56  Factory Tech Lab  
  133  7:58  Terran Infantry Armor Level 2, Terran Infantry Weapons Level 2  
  133  8:06  Marine x3  
  133  8:10  Supply Depot  
  136  8:15  Marine x4  
  136  8:16  Command Center  
  140  8:21  Siege Tank, Medivac x2  
  140  8:24  Marine x2  
  149  8:28  Terran Vehicle Weapons Level 1  
  149  8:32  Supply Depot  
  149  8:34  Supply Depot, Marine x6  
  149  8:35  Supply Depot  
  149  8:36  Siege Tank  
  158  8:46  Marine x3  
  161  8:52  Marine  
  161  8:53  Barracks x2  
  161  8:54  Barracks  
  161  8:55  Medivac x2  
  166  8:57  Marine x2  
  166  9:00  Sensor Tower  
  168  9:07  Siege Tank  
  164  9:15  Marine x4  
  168  9:22  Marine x4  
  172  9:25  Siege Tank, Viking x2  
  178  9:35  Marine x2  
  178  9:36  Marine x3  
  176  9:40  Siege Tank, Marine x4  
  182  9:50  SCV x3  
  182  9:51  Barracks Tech Lab  
  182  9:52  Barracks Tech Lab  
  183  9:53  Marine x2  
  183  9:54  Barracks Tech Lab  
  183  9:55  Viking  
  175  10:01  Viking  
  175  10:02  Marine x2  
  175  10:03  Marauder  
  175  10:04  SCV  
  175  10:06  SCV x2  
  184  10:19  Marine x5, Marauder x3  
  176  10:22  Marine  
  176  10:24  Marauder  
  176  10:27  Marine x2  
  152  10:31  Siege Tank  
  149  10:37  Siege Tank, Marine x3  
  149  10:40  Marauder  
  149  10:41  Marauder  
  159  10:46  Planetary Fortress  
  159  10:47  Marine x4  
  159  10:48  Marine, Marauder  
  146  11:01  Marine  
  146  11:03  Siege Tank  
  145  11:08  Marine x4  
  145  11:09  Marauder  
  134  11:21  Marine x2  
  134  11:22  Marine x2, Marauder x2  
  139  11:26  SCV x3  
  139  11:27  SCV  
Tags
 
Add a new tag
Caveats
  • Supply blocks, unpowered buildings, or Contaminate may cause inaccurate times.
  • Supply counts are checked every 10 seconds.